 Dungeon Crawl Stone Soup version 0.27.0-1-g7a089689b8 (webtiles) character file.

Game seed: 17465020065061486498

11823 horus123 the Thaumaturge (level 11, -7/56 HPs)
             Began as a Deep Elf Conjurer on Aug 10, 2021.
             Was a Believer of Sif Muna.
             Mangled by a komodo dragon (20 damage)
             ... on level 1 of the Lair of Beasts.
             The game lasted 01:03:45 (12982 turns).

horus123 the Thaumaturge (Deep Elf Conjurer)       Turns: 12982, Time: 01:03:47

Health: -7/56      AC: 23    Str:  4    XL:     11   Next: 54%
Magic:  20/29      EV: 14    Int: 27    God:    Sif Muna [**....]
Gold:   150        SH:  0    Dex: 13    Spells: 9/35 levels left

rFire    . . .     SeeInvis .   x - +6 short sword (venom)
rCold    . . .     Faith    .   (no shield)
rNeg     . . .     Spirit   .   J - +2 robe {Will+}
rPois    .         Reflect  .   b - +2 helmet
rElec    .         Harm     .   F - +2 cloak
rCorr    .         Rampage  .   E - +1 pair of gloves {Stlth+}
Will     ++...                  k - +2 pair of boots
Stlth    ++++......             (no amulet)
HPRegen  0.18/turn              c - +4 ring of protection
MPRegen  0.21/turn              D - +4 ring of protection

@: studying Short Blades
A: no striking features
a: Renounce Religion, Channel Magic


You were on level 1 of the Lair of Beasts.
You worshipped Sif Muna.
Sif Muna was pleased with you.
You visited 3 branches of the dungeon, and saw 12 of its levels.
You also visited: Ossuary and Ice Cave.

You collected 570 gold pieces.
You spent 420 gold pieces at shops.

Inventory:

Hand Weapons
 v - a +2 short sword of holy wrath
 w - a +4 whip of electrocution
 x - a +6 short sword of venom (weapon)
Missiles
 t - 3 throwing nets
Armour
 b - a +2 helmet (worn)
 k - a +2 pair of boots (worn)
 E - a +1 pair of gloves of stealth (worn)
 F - a +2 cloak (worn)
 J - a +2 robe of willpower (worn)
Jewellery
 c - a +4 ring of protection (left hand)
 f - a ring of fire
 y - a ring of protection from cold
 D - a +4 ring of protection (right hand)
Wands
 g - a wand of acid (12)
 h - a wand of iceblast (17)
 q - a wand of digging (5)
 r - a wand of mindburst (15)
 B - a wand of paralysis (16)
 C - a wand of charming (12)
 H - a wand of flame (40)
Scrolls
 e - a scroll of fear
 i - 5 scrolls of magic mapping
 m - 4 scrolls of identify
 n - 8 scrolls of amnesia
 p - 11 scrolls of teleportation
 G - a scroll of silence
Potions
 d - 4 potions of cancellation
 j - 3 potions of berserk rage
 l - a potion of heal wounds
 o - 4 potions of haste
 s - 2 potions of brilliance
 u - 3 potions of magic
 A - 3 potions of curing
Miscellaneous
 z - a piece from Xom's chessboard (15/15)
 I - a phial of floods


   Skills:
 + Level 1.6 Fighting
 * Level 6.7 Short Blades
 + Level 6.3 Dodging
 + Level 5.7 Stealth
 + Level 12.6 Spellcasting
 + Level 11.1 Conjurations
 + Level 11.0 Hexes
 * Level 1.3 Translocations
 + Level 3.5 Fire Magic
 + Level 1.4 Evocations


You had 9 spell levels left.
You knew the following spells:

 Your Spells              Type           Power      Damage    Failure   Level
a - Magic Dart            Conj           100%       1d8       1%          1
b - Searing Ray           Conj           100%       3d7       1%          2
d - Fulminant Prism       Conj/Hex       33%        3d16      1%          4
e - Inner Flame           Hex/Fire       54%        N/A       1%          3
f - Cause Fear            Hex            33%        N/A       1%          4
g - Iskenderun's Mystic   Conj/Tloc      50%        2d11      2%          4
h - Discord               Hex            33%        N/A       93%         8

Your spell library contained the following spells:

 Spells                   Type           Power      Damage    Failure   Level
 Dazzling Flash           Conj/Hex       100%       N/A       1%          3
 Portal Projectile        Hex/Tloc       100%       N/A       1%          3
 Leda's Liquefaction      Hex/Erth       23%        N/A       3%          4
 Call Canine Familiar     Summ           17%        N/A       10%         3
 Malign Gateway           Summ/Tloc      10%        N/A       100%        7
 Summon Horrible Things   Summ           8%         N/A       100%        8


Dungeon Overview and Level Annotations

Branches:
Dungeon (10/15)            Temple (1/1) D:7            Lair (1/6) D:10
Ossuary (visited)           IceCv (visited)
    Orc: D:9-12

Altars:
Ashenzari
Cheibriados
Dithmenos
Elyvilon
Fedhas
Gozag
Hepliaklqana
Kikubaaqudgha
Makhleb
Nemelex Xobeh
Okawaru
Qazlal
Ru
Sif Muna
Trog
Uskayaw
Vehumet
Wu Jian
Xom
Yredelemnul
Zin
The Shining One

Shops:
D:6 ?   D:7 (   D:9 [[(

Portals:
Trove: D:10 (give 7 scrolls of blinking)

Annotations:
D:6 2 transporters, wallyj24's ghost, novice GnFi


Message History

The puff of flame hits the cane toad simulacrum.
The cane toad simulacrum melts!
The cane toad simulacrum is lightly damaged.
A naga simulacrum comes into view.
There is an ice covered gate leading back out of this place here.
Welcome back to the Lair of Beasts!
There is a collapsed entrance here.
HP restored.
A komodo dragon comes into view.
The magic dart hits the komodo dragon.
The komodo dragon is lightly wounded.
Casting: Magic Dart (safe; 1% risk of failure)
Confirm with . or Enter, or press ? or * to list all spells.
Aiming: Searing Ray (safe; 1% risk of failure)
Press: ? - help, Shift-Dir - straight line, f/p - komodo dragon
Aim: a komodo dragon (lightly wounded, 87% to hit)
The searing ray hits the komodo dragon but does no damage.
The komodo dragon is lightly wounded. (Press . to maintain the ray.)
The komodo dragon bites you!!
The searing ray hits the komodo dragon.
The komodo dragon is moderately wounded.
The komodo dragon bites you!
The searing ray hits the komodo dragon!
The komodo dragon is heavily wounded.
The komodo dragon bites you!!
* * * LOW HITPOINT WARNING * * *
The searing ray hits the komodo dragon!
The komodo dragon is severely wounded.
You finish channeling your searing ray.
The komodo dragon misses you.
Casting: Searing Ray (safe; 1% risk of failure)
Confirm with . or Enter, or press ? or * to list all spells.
Aiming: Searing Ray (safe; 1% risk of failure)
Press: ? - help, Shift-Dir - straight line, f/p - komodo dragon
Aim: a komodo dragon (severely wounded, 87% to hit)
The searing ray hits the komodo dragon!
The komodo dragon is almost dead. (Press . to maintain the ray.)
The komodo dragon bites you!!
You die...

#.#. ##..#
.... ... ...#
#†# ...## .
#<####.#..#..
#.†..........
##............
#...#.........
#..#.#@l......
#.#...#.......
#..#.#..####..
#.#..#..##
##... .## ##..
.. #.. ##. #..
$ #.. #


You could see a komodo dragon.

Vanquished Creatures
  Snorg (D:10)
  2 two-headed ogres
  Erica (D:10)
  An elephant (D:10)
  A black mamba (Lair:1)
  Maggie (D:10)
  2 trolls
  Grinder (D:5)
  2 wraiths (Ossuary)
  A wyvern (D:10)
  A shadow (D:10)
  Eustachio (D:5)
  7 yaks (D:9)
  2 steam dragons
  Edmund (D:5)
  Duvessa (D:6)
  2 water moccasins
  A hornet zombie (D:9)
  5 orc warriors
  4 black bears
  An ogre (D:6)
  A necrophage (D:4)
  4 wolves (Lair:1)
  3 phantoms
  4 centaurs
  Blork the orc (D:5)
  A kobold brigand (D:9)
  2 scorpions
  2 bullfrogs (D:7)
  A gnoll sergeant (D:9)
  Dowan (D:6)
  A water moccasin zombie (D:5)
  7 killer bees
  5 wights
  An electric eel (D:10)
  2 howler monkeys
  4 centaur zombies
  2 bullfrog zombies
  2 hounds
  6 orc priests
  3 bullfrog skeletons
  An iguana (D:4)
  5 orc wizards
  A troll simulacrum (IceCv)
  A spriggan simulacrum (IceCv)
  A hound skeleton (D:5)
  A mummy (D:6)
  5 gnolls (D:9)
  6 adders
  A howler monkey skeleton (D:5)
  2 naga simulacra (IceCv)
  2 river rats (D:4)
  A shadow imp (D:7)
  A white imp (D:8)
  3 adder skeletons (D:4)
  An adder zombie (Ossuary)
  3 worms (D:4)
  5 dart slugs
  44 orcs
  7 endoplasms
  3 giant cockroaches
  7 goblins
  6 hobgoblins
  8 jackals
  10 kobolds
  3 quokkas
  2 ball pythons
  A ball python skeleton (Ossuary)
  6 bats
  2 frilled lizards
  2 hobgoblin skeletons (Ossuary)
  2 kobold zombies (Ossuary)
  2 orc skeletons (Ossuary)
  An orc zombie (Ossuary)
  5 rats
  A fulminant prism (D:5)
244 creatures vanquished.

Vanquished Creatures (others)
  17 fulminant prisms
  2 fungi (Lair:1)
  6 plants
25 creatures vanquished.

Grand Total: 269 creatures vanquished

Notes
Turn   | Place    | Note
-------+----------+-------------------------------------------
     0 | D:1      | horus123 the Deep Elf Conjurer began the quest for the Orb.
     0 | D:1      | Reached XP level 1. HP: 10/10 MP: 6/6
   331 | D:1      | Found a faded altar of an unknown god.
   338 | D:1      | Reached XP level 2. HP: 15/15 MP: 6/8
   341 | D:1      | Learned a level 2 spell: Searing Ray
   745 | D:1      | Reached skill level 5 in Conjurations
  1073 | D:2      | Reached XP level 3. HP: 19/19 MP: 6/9
  1077 | D:2      | Learned a level 3 spell: Dazzling Flash
  1443 | D:2      | Reached skill level 1 in Hexes
  1467 | D:2      | Reached XP level 4. HP: 23/24 MP: 0/11
  1823 | D:3      | Noticed a phantom
  1831 | D:3      | Killed a phantom
  1832 | D:3      | Reached skill level 4 in Spellcasting
  1832 | D:3      | Reached XP level 5. HP: 23/28 MP: 2/13
  1922 | D:3      | Learned a level 4 spell: Fulminant Prism
  2672 | D:4      | Noticed a black bear
  2682 | D:4      | Killed a black bear
  2779 | D:4      | Reached XP level 6. HP: 29/32 MP: 1/15
  2899 | D:4      | Learned a level 3 spell: Inner Flame
  2942 | D:4      | Reached skill level 5 in Spellcasting
  3392 | D:4      | Reached skill level 6 in Spellcasting
  3653 | D:4      | Reached XP level 7. HP: 36/36 MP: 6/18
  4938 | D:5      | Entered Level 5 of the Dungeon
  4938 | D:5      | Noticed Grinder
  4947 | D:5      | Killed Grinder
  4948 | D:5      | Reached skill level 7 in Spellcasting
  4948 | D:5      | Reached skill level 1 in Fire Magic
  5199 | D:5      | Reached skill level 5 in Hexes
  5246 | D:5      | Noticed Eustachio
  5257 | D:5      | Killed Eustachio
  5258 | D:5      | Reached XP level 8. HP: 41/41 MP: 2/21
  5375 | D:5      | Reached skill level 8 in Spellcasting
  5581 | D:5      | Noticed Edmund
  5585 | D:5      | Killed Edmund
  5999 | D:5      | Noticed Blork the orc
  6002 | D:5      | Killed Blork the orc
  6003 | D:5      | Reached skill level 9 in Spellcasting
  6263 | D:6      | Found Toephuic's Magic Scroll Shoppe.
  6338 | D:6      | Noticed Duvessa
  6341 | D:6      | Noticed Dowan
  6349 | D:6      | Killed Duvessa
  6355 | D:6      | HP: 2/41 [orc warrior (15)]
  6532 | D:6      | Noticed a troll
  6538 | D:6      | Killed a troll
  6539 | D:6      | Reached XP level 9. HP: 29/45 MP: 11/24
  6555 | D:6      | Killed Dowan
  6556 | D:6      | Reached skill level 10 in Spellcasting
  6600 | D:6      | Noticed a two-headed ogre
  6607 | D:6      | Killed a two-headed ogre
  6608 | D:6      | Reached skill level 1 in Evocations
  6727 | D:6      | Identified the +0 leather armour of Dogmatism {rPois rCorr
                  | Str+3}
  6851 | D:6      | Found a sand-covered staircase.
  6916 | Ossuary  | Entered an ossuary
  7237 | Ossuary  | Reached skill level 11 in Spellcasting
  7600 | D:6      | Found a transporter.
  7604 | D:6      | Noticed wallyj24's ghost (novice GnFi)
  7639 | D:6      | Found a transporter.
  8265 | D:7      | Reached XP level 10. HP: 50/50 MP: 22/27
  8270 | D:7      | Learned a level 4 spell: Cause Fear
  8275 | D:7      | Learned a level 4 spell: Iskenderun's Mystic Blast
  8284 | D:7      | Learned a level 8 spell: Discord
  8345 | D:7      | Found a staircase to the Ecumenical Temple.
  8354 | Temple   | Entered the Ecumenical Temple
  8626 | Temple   | Became a worshipper of Sif Muna the Loreminder
  8723 | D:7      | Found Posisk's Antique Weapon Shop.
  9062 | D:8      | Reached skill level 1 in Short Blades
  9356 | D:8      | Found a radiant altar of Vehumet.
  9597 | D:9      | Reached skill level 5 in Stealth
  9659 | D:9      | Found Macigoow's Antique Weapon Shop.
  9775 | D:9      | Reached skill level 10 in Conjurations
 10120 | D:9      | Reached skill level 10 in Hexes
 10239 | D:9      | Found Ilovizxu's Antique Armour Shoppe.
 10248 | D:9      | Bought a pair of glowing gloves for 210 gold pieces
 10248 | D:9      | Bought an embroidered cloak for 210 gold pieces
 10267 | D:9      | Reached * piety under Sif Muna
 10380 | D:9      | Found a shimmering altar of Xom.
 10649 | D:9      | Found Louseryu's Armour Boutique.
 10720 | D:10     | Entered Level 10 of the Dungeon
 10794 | D:10     | Noticed an elephant
 10806 | D:10     | Reached skill level 5 in Dodging
 10810 | D:10     | Killed an elephant
 10811 | D:10     | Reached skill level 1 in Fighting
 10811 | D:10     | Reached skill level 12 in Spellcasting
 10813 | D:10     | Reached ** piety under Sif Muna
 10946 | D:10     | Found a staircase to the Lair.
 10981 | D:10     | Noticed Snorg
 10994 | D:10     | Killed Snorg
 10995 | D:10     | Reached XP level 11. HP: 20/56 MP: 13/29
 11215 | D:10     | Noticed Maggie
 11227 | D:10     | Killed Maggie
 11353 | D:10     | Noticed a two-headed ogre
 11359 | D:10     | Killed a two-headed ogre
 11360 | D:10     | Reached skill level 5 in Short Blades
 11759 | D:10     | Noticed Erica
 11768 | D:10     | Killed Erica
 12096 | D:10     | Found a stormy altar of Qazlal.
 12302 | D:10     | Found a white marble altar of Elyvilon.
 12349 | D:10     | Found a portal to a secret trove of treasure.
 12795 | Lair:1   | Entered Level 1 of the Lair of Beasts
 12795 | Lair:1   | Found a frozen archway.
 12865 | Lair:1   | Reached skill level 1 in Translocations
 12875 | IceCv    | Entered an ice cave
 12982 | Lair:1   | Mangled by a komodo dragon

Illustrated notes

Levels and vault maps discovered:
D:1:      lemuel_arrival_lava_pool, layout_basic,
          dreamdust_ecumenical_altar_statues
D:2:      layout_rooms
D:3:      layout_basic
D:4:      layout_layer_cave, portal_sewer_entry_b, amcnicky_mini_pool_small,
          hangedman_abyss_or_decor_passed
D:5:      layout_loops_cross, uniq_edmund, uniq_blork_the_orc, uniq_eustachio,
          uniq_grinder
D:6:      layout_basic, gammafunk_ghost_stat_death, serial_shops,
          nicolae_stop_n_shop_2, gup_ossuary_entry_pyramid, minmay_manual_mail,
          uniq_duvessa
D:7:      layout_basic, minmay_temple_entry_proselytizer, serial_shops,
          nicolae_square_shop, hellmonk_bongcloud_opening, serial_park_tiny_1
D:8:      layout_basic, mainiacjoe_overflow_paths
D:9:      layout_gridville, tgw_xom, serial_shops, shop, shop,
          nicolae_stop_n_shop_1, minmay_crystal_room
D:10:     kennysheep_spiral_hall, layout_cave_pods,
          mainiacjoe_overflow_concentric_impassable,
          nicolae_elyvilon_temple_path, david_lair_generic,
          nicolae_trove_entry_isolated, minmay_misc_feat_five, minivault_19,
          uniq_maggie, uniq_snorg, uniq_erica
Temple:   hc_temple_tempest_star
Lair:1:   layout_regular_city, portal_ice_cave_entry_pillars_2,
          nzn_masters_of_martial_movement

Skill      XL: |  1  2  3  4  5  6  7  8  9 10 11 |
---------------+----------------------------------+-----
Conjurations   | 5 6 7 8 9 10 11 | 11.1
Hexes          | 2 3 4 5 6 8 10 11 | 11.0
Spellcasting   | 4 6 7 9 11 12 | 12.6
Stealth        | 3 4 5 |  5.7
Fire Magic     | 1 2 3 |  3.5
Evocations     | 1 |  1.4
Dodging        | 3 5 6 |  6.3
Short Blades   | 4 6 |  6.7
Fighting       | 1 |  1.6
Translocations | 1 |  1.3

Action                   |  1- 3 |  4- 6 |  7- 9 | 10-12 || total
-------------------------+-------+-------+-------+-------++-------
Melee: Short sword       |       |       |    31 |    61 ||    92
       Whip              |       |       |     1 |       ||     1
 Cast: Magic Dart        |    69 |    75 |   107 |    74 ||   325
       Searing Ray       |     1 |    11 |    35 |    59 ||   106
       Fulminant Prism   |       |     3 |     8 |     7 ||    18
       Inner Flame       |       |     5 |     7 |     5 ||    17
       Dazzling Flash    |       |       |     1 |       ||     1
Evoke: Wand              |       |       |     5 |     1 ||     6
  Use: Scroll            |     3 |     6 |    14 |     3 ||    26
       Potion            |       |       |     4 |     3 ||     7
 Stab: Sleeping          |       |       |       |     1 ||     1
Armor: Robe              |     2 |     2 |    27 |   115 ||   146
Dodge: Dodged            |    11 |     5 |    44 |   138 ||   198
